 Dungeon Crawl Stone Soup version 0.17-a0-964-gd3d8594 (webtiles) character file.

77 epiphnayx99 the Chopper (level 4, -4/40 HPs)
             Began as a Minotaur Chaos Knight on May 9, 2015.
             Slain by an orc
             ... wielding a +0 short sword
              (6 damage)
             ... on level 3 of the Dungeon.
             The game lasted 00:05:08 (1015 turns).

epiphnayx99 the Chopper (Minotaur Chaos Knight)     Turns: 1015, Time: 00:05:08

Health: -4/40      AC:  5    Str: 17    XL:     4   Next: 14%
Magic:  3/3        EV: 12    Int:  9    God:    Xom [..*...]
Gold:   74         SH:  0    Dex: 10    Spells: 0 memorised, 3 levels left

rFire  . . .     SeeInvis .     a - +0 hand axe (chaos)
rCold  . . .     Clarity  .     b - +2 leather armour
rNeg   . . .     SustAb   .     (no shield)
rPois  .         Gourm    .     (helmet restricted)
rElec  .         Spirit   .     (no cloak)
rCorr  .         Warding  .     (no gloves)
rMut   .         Stasis   .     (no boots)
MR     .....                    (no amulet)
Stlth  +.........               (no ring)
                                (no ring)

@: not resistant to hostile enchantments, very unstealthy
A: retaliatory headbutt, horns 2
a: Renounce Religion


You were on level 3 of the Dungeon.
You worshipped Xom.
You were a toy of Xom.
You were hungry.

You visited 1 branch of the dungeon, and saw 3 of its levels.

You collected 74 gold pieces.

Inventory:

Hand weapons
 a - a +0 hand axe of chaos (weapon)
Armour
 b - a +2 leather armour (worn)
 q - a +0 chain mail
Jewellery
 k - an uncursed ring of protection from magic {unknown}
Scrolls
 d - a scroll of fear {unknown}
 f - 3 scrolls of remove curse {unknown}
 i - 3 scrolls of magic mapping {unknown}
 l - a scroll of noise {unknown}
 n - a scroll of identify {unknown}
 o - a scroll of teleportation {unknown}
 p - a scroll of blinking {unknown}
Potions
 e - a potion of heal wounds {unknown}
 g - a potion of agility {unknown}
 h - a potion of brilliance {unknown}
 j - 2 potions of might {unknown}
Comestibles
 c - 2 bread rations
 m - 2 meat rations
 r - a beef jerky


   Skills:
 + Level 4.2 Fighting
 + Level 4.7 Axes
 + Level 2.8 Armour
 + Level 2.5 Dodging


You had 3 spell levels left.
You didn't know any spells.

Dungeon Overview and Level Annotations

Branches:
Dungeon (3/15)

Altars:


Innate Abilities, Weirdness & Mutations

You reflexively headbutt those who attack you in melee.
You have a pair of horns on your head.


Message History

An orc and an orc priest come into view.
The orc shouts! 2 orcs come into view.
The orc shouts!
You hit the orc.
You hear strange voices.
Your headbutt misses the orc.
The orc is heavily wounded.
The orc priest mumbles some strange prayers to Beogh against you.
Something smites you!
* * * LOW HITPOINT WARNING * * *
Your dagger hits the orc!
The orc dies!
Unknown command.
Unknown command.
Unknown command.
The orc barely misses you. The orc completely misses your dagger.
You are feeling hungry.
Your dagger barely misses the orc.
The orc hits you with a short sword.
You die...

#.. #.# #.#### #
.....#.# #o.....
#oo..#.#
##.####(o....#
#.....o@#
#..####.#
..##.######. #
#$##........
##.##.##.)......
#.......).......
#.###.##.........#
#. #.##.........#
#.###.##.........#


You could see an orc priest, 3 orcs, a friendly dagger and a friendly orc.

Vanquished Creatures
  2 adders (D:3)
  A worm (D:2)
  2 giant geckos
  An orc (D:3)
  9 bats
  2 giant cockroaches
  7 hobgoblins
  7 kobolds
  A giant newt (D:1)
  8 goblins
  8 rats
48 creatures vanquished.

Vanquished Creatures (collateral kills)
  3 orcs (D:3)
  A giant newt (D:3)
4 creatures vanquished.

Grand Total: 52 creatures vanquished

Notes
Turn   | Place    | Note
--------------------------------------------------------------
     0 | D:1      | epiphnayx99, the Minotaur Chaos Knight, began the quest for the Orb.
     0 | D:1      | Reached XP level 1. HP: 19/19 MP: 0/0
     3 | D:1      | XOM: harmless Conj miscast
   156 | D:1      | XOM: chaos cloud
   175 | D:1      | Reached skill level 4 in Axes
   177 | D:1      | Reached XP level 2. HP: 10/27 MP: 1/1
   683 | D:2      | Reached XP level 3. HP: 33/33 MP: 2/2
   718 | D:2      | XOM: polymorph goblin -> giant gecko
   907 | D:3      | Reached XP level 4. HP: 14/40 MP: 3/3
   992 | D:3      | XOM: enchant monster (good)
  1013 | D:3      | HP: 1/40 [orc priest/divine providence (17)]
  1015 | D:3      | Slain by an orc

Action                   |  1- 3 |  4- 6 || total
-------------------------+-------+-------++-------
Melee: Hand axe          |    84 |     4 ||    88
